 Dungeon Crawl Stone Soup version 0.31-a0-145-g046c7d2549 (webtiles) character file.

Game seed: 1191129229130081943

3423 Edyrem the Destroyer (level 9, 0/75 HPs)
             Began as a Green Draconian Conjurer on June 6, 2023.
             Slain by a slime creature (11 damage)
             ... on level 7 of the Dungeon.
             The game lasted 00:11:27 (6524 turns).

Edyrem the Destroyer (Green Draconian Conjurer)     Turns: 6524, Time: 00:11:28

Health: 0/75       AC: 10    Str: 18    XL:     9   Next: 76%
Magic:  16/18      EV: 13    Int: 21    God:
Gold:   324        SH:  0    Dex:  9    Spells: 18/21 levels left

rFire   . . .        a - +7 mace of Variability {chaos, chaos arc}
rCold   . . .        (shield currently unavailable)
rNeg    . . .        (body armour unavailable)
rPois   +            j - +2 hat
rElec   .            x - +0 cloak
rCorr   .            (no gloves)
SInv    .            (no boots)
Will    .....        l - amulet of the acrobat
Stlth   ++           g - +6 ring of strength
HPRegen 0.32/turn    (no ring)
MPRegen 0.16/turn

%: acrobat
@: no status effects
A: breathe noxious fumes, AC +7, unfitting armour, poison resistance,
cold-blooded
a: Breathe Noxious Fumes


You were on level 7 of the Dungeon.
You visited 2 branches of the dungeon, and saw 8 of its levels.

You collected 324 gold pieces.

Inventory:

Hand Weapons
 a - the +7 mace of Variability (weapon) {chaos, chaos arc}
   (You found it on level 3 of the Dungeon)
 b - a +4 mace
 q - a +0 short sword of electrocution
 D - a +2 whip of freezing
Armour
 j - a +2 hat (worn)
 x - a +0 cloak (worn)
Magical Staves
 o - a staff of poison
Jewellery
 g - a +6 ring of strength (left hand)
 l - an amulet of the acrobat (around neck)
 y - a ring of protection from cold
Wands
 A - a wand of flame (27)
 C - a wand of mindburst (9)
Scrolls
 c - 2 scrolls of brand weapon {unknown}
 e - 4 scrolls of noise {unknown}
 f - a scroll of enchant armour {unknown}
 i - 2 scrolls of identify {unknown}
 m - 3 scrolls of fear {unknown}
 p - 2 scrolls of enchant weapon {unknown}
 t - a scroll of blinking {unknown}
 v - 2 scrolls of teleportation {unknown}
 w - a scroll of immolation {unknown}
 z - a scroll of poison {unknown}
 B - 3 scrolls of amnesia {unknown}
Potions
 d - 2 potions of attraction {unknown}
 h - a potion of cancellation {unknown}
 k - 2 potions of magic
 n - a potion of enlightenment {unknown}
 r - a potion of brilliance {unknown}
 s - a potion of lignification {unknown}
 u - 6 potions of heal wounds {unknown}
 E - 3 potions of mutation {unknown}


   Skills:
 + Level 5.6 Fighting
 + Level 4.5 Maces & Flails
 + Level 6.5 Dodging
 - Level 1.7 Stealth
 + Level 6.6 Spellcasting
 + Level 8.0 Conjurations


You had 18 spell levels left.
You knew the following spells:

 Your Spells              Type           Power      Damage    Failure   Level
a - Magic Dart            Conj           100%       1d8       1%          1
b - Searing Ray           Conj           80%        2d7       1%          2

Your spell library contained the following spells:

 Spells                   Type           Power      Damage    Failure   Level
 Dazzling Flash           Conj/Hex       46%        N/A       5%          3
 Stone Arrow              Conj/Erth      46%        3d9       5%          3
 Sandblast                Erth           12%        2d6       10%         1
 Passwall                 Tmut/Erth      5%         N/A       14%         2
 Scorch                   Fire           12%        2d6       14%         2
 Flame Wave               Conj/Fire      23%        2d8       17%         4
 Fulminant Prism          Conj/Hex       11%        3d8       17%         4
 Iskenderun's Mystic Bla  Conj/Tloc      23%        2d6       17%         4
 Vhi's Electric Charge    Tloc/Air       12%        N/A       28%         3
 Arcjolt                  Conj/Air       11%        1d21      43%         5
 Plasma Beam              Fire/Air       3%         2x1d13    100%        6
 Summon Cactus Giant      Summ           3%         N/A       100%        6
 Maxwell's Capacitive Co  Air            3%         ∞         100%        8


Dungeon Overview and Level Annotations

Branches:
Dungeon (7/15)             Temple (1/1) D:5

Altars:
Cheibriados
Dithmenos
Fedhas
Kikubaaqudgha
Makhleb
Nemelex Xobeh
Okawaru
Ru
Sif Muna
Uskayaw
Vehumet
Wu Jian
Zin


Innate Abilities, Weirdness & Mutations

You can breathe blasts of noxious fumes.
Your lurid green scales are hard. (AC +7)
You cannot fit into any form of body armour.
Your system is resistant to poisons. (rPois)
You are cold-blooded and may be slowed by cold attacks.


Message History

You tail-slap the cyclops, but do no damage.
The cyclops is heavily wounded.
A slime creature comes into view.
The cyclops hits you!!
You hit the cyclops.
Nothing appears to happen.
Your tail-slap misses the cyclops.
The cyclops is heavily wounded.
The cyclops misses you.
A gargoyle comes into view. It is wielding a +0 morningstar.
You hit the cyclops.
The cyclops is poisoned.
The cyclops is heavily wounded.
The cyclops hits you!!
* * * LOW HITPOINT WARNING * * *
You sock the cyclops!
The cyclops looks as sick as possible!
The cyclops is almost dead.
The cyclops hits you!
* * * LOW HITPOINT WARNING * * *
You sock the cyclops!
You kill the cyclops!
Your Conjurations skill increases to level 8!
You sock the slime creature!
The slime creature is lightly wounded.
The slime creature hits you but does no damage.
You hit the slime creature. You freeze the slime creature.
The slime creature is moderately wounded.
The slime creature hits you.
* * * LOW HITPOINT WARNING * * *
Okay, then.
Unknown command.
Casting: Magic Dart (safe; 1% risk of failure)
Confirm with . or Enter, or press ? or * to list all spells.
Aiming: Searing Ray (safe; 1% risk of failure)
Press: ? - help, Shift-Dir - straight line, f - slime creature
Aim: a slime creature (moderately wounded, 96% to hit)
The searing ray hits the slime creature!
The slime creature is heavily wounded.
The searing ray hits the wyvern but does no damage. (Press . to maintain the ray.)
The slime creature hits you!
You die...

##..).#.....##...##...##...#.....
#..)........#♣...♣#..............
.....##....##..P..##.............
.##...#....#♣..♣..♣#....##.....##
..........##..P.P..##...........#
.#........#♣.......♣#..#......÷.#
###......##..♣.♣.♣..##.........##
##.....#####...#########........[
#....### #....@Jl# ###.......
...### #..#####9..... ###.....
.###. #.## ..### ###... ##... #.
.!. ###. ....# #. ### ...# ##. ..
###. .### .. ###... ...### ...
###....# .....### ###.......


You could see a slime creature, a wyvern and a gargoyle.

Vanquished Creatures
  Pikel (D:7)
  A cyclops (D:7)
  Maggie (D:6)
  Prince Ribbit (D:7)
  A yak (D:5)
  Eustachio (D:5)
  Edmund (D:4)
  A water moccasin (D:7)
  Duvessa (D:4)
  2 black bears
  3 ice beasts
  An ogre (D:5)
  2 centaurs (D:5)
  A lemure (D:7)
  2 phantoms
  A scorpion (D:4)
  Dowan (D:4)
  3 hounds
  Crazy Yiuf (D:4)
  Terence (D:2)
  4 iguanas
  6 orc wizards
  4 gnolls (D:4)
  4 adders
  2 shadow imps
  3 white imps
  5 worms
  A dart slug (D:2)
  5 orcs
  5 ball pythons
  6 bats
  5 endoplasms
  3 giant cockroaches
  6 goblins
  7 hobgoblins
  4 jackals (D:1)
  8 kobolds
  2 quokkas
  2 frilled lizards
  2 rats
111 creatures vanquished.

Notes
Turn   | Place    | Note
-------+----------+-------------------------------------------
     0 | D:1      | Edyrem the Draconian Conjurer began the quest for the Orb.
     0 | D:1      | Reached XP level 1. HP: 14/14 MP: 3/3
   366 | D:1      | Reached XP level 2. HP: 20/20 MP: 1/5
   851 | D:1      | Learned a level 2 spell: Searing Ray
  1264 | D:2      | Reached XP level 3. HP: 26/26 MP: 4/6
  2018 | D:2      | Noticed Terence
  2028 | D:2      | Killed Terence
  2029 | D:2      | Reached XP level 4. HP: 26/33 MP: 2/8
  2527 | D:3      | Found the +7 mace of Variability {chaos, chaos arc}
  2796 | D:4      | Noticed a scorpion
  2803 | D:4      | Killed a scorpion
  2804 | D:4      | Reached skill level 5 in Conjurations
  2804 | D:4      | Reached XP level 5. HP: 21/38 MP: 8/10
  3069 | D:4      | Noticed Duvessa
  3070 | D:4      | Noticed Dowan
  3078 | D:4      | Killed Duvessa
  3079 | D:4      | Reached XP level 6. HP: 14/45 MP: 11/11
  3080 | D:4      | Killed Dowan
  3353 | D:4      | Found a shadowy altar of Dithmenos.
  3420 | D:4      | Found a sacrificial altar of Ru.
  3453 | D:4      | Found a sparkling altar of Nemelex Xobeh.
  3515 | D:4      | Noticed Edmund
  3521 | D:4      | Killed Edmund
  3522 | D:4      | Your scales start taking on a lurid green colour.
  3522 | D:4      | Reached XP level 7. HP: 46/50 MP: 13/13
  3522 | D:4      | Gained mutation: Your system is resistant to poisons.
                  | (rPois) [Green Draconian growth]
  3863 | D:4      | Found a runed translucent door.
  3864 | D:4      | Noticed Crazy Yiuf
  3872 | D:4      | Killed Crazy Yiuf
  3961 | D:5      | Entered Level 5 of the Dungeon
  3970 | D:5      | Reached skill level 1 in Fighting
  3970 | D:5      | Reached skill level 6 in Conjurations
  4316 | D:5      | Reached skill level 5 in Spellcasting
  4316 | D:5      | Reached XP level 8. HP: 62/62 MP: 15/15
  4345 | D:5      | Found a staircase to the Ecumenical Temple.
  4345 | D:5      | Noticed Eustachio
  4365 | D:5      | Killed Eustachio
  4366 | D:5      | Reached skill level 1 in Maces & Flails
  4366 | D:5      | Reached skill level 5 in Dodging
  4372 | Temple   | Entered the Ecumenical Temple
  4924 | D:6      | Reached skill level 7 in Conjurations
  5250 | D:6      | Noticed Maggie
  5262 | D:6      | Killed Maggie
  5901 | D:6      | Found an ancient bone altar of Kikubaaqudgha.
  6045 | D:7      | Noticed Pikel
  6047 | D:7      | Reached XP level 9. HP: 64/72 MP: 17/17
  6051 | D:7      | Killed Pikel
  6052 | D:7      | Noticed Prince Ribbit
  6063 | D:7      | Killed Prince Ribbit
  6064 | D:7      | Reached skill level 5 in Fighting
  6351 | D:7      | Found a glowing silver altar of Zin.
  6511 | D:7      | Noticed a cyclops
  6518 | D:7      | Noticed a gargoyle
  6521 | D:7      | Killed a cyclops
  6522 | D:7      | Reached skill level 8 in Conjurations
  6524 | D:7      | Slain by a slime creature

Illustrated notes

Levels and vault maps discovered:
D:1:      tarquinn_simple_flora_water_f, layout_loops_ring,
          grunt_decor_arrowhead, serial_bayou_lagoon_a, kennysheep_doodads,
          nicolae_the_louvre
D:2:      layout_basic, uniq_terence
D:3:      layout_rooms
D:4:      layout_loops_ring, nemelex_xobeh_ov_fountains_minmay,
          nicolae_overflow_crystal_walls, nicolae_overflow_hidden_temple,
          nicolae_ru_great_annihilating_truth, uniq_duvessa,
          uniq_crazy_yiuf_cottage, uniq_edmund
D:5:      layout_cave_pools, lemuel_temple_firewalk_b, minmay_small_thing,
          uniq_eustachio
D:6:      layout_layer_cave, kennysheep_mini, lightli_corner_chamber,
          uniq_maggie
D:7:      minmay_the_grid_four_pointed_star
          [minmay_the_grid_triangle_9x9_shrine,
          minmay_the_grid_triangle_9x9_dagger,
          minmay_the_grid_triangle_9x9_tough_junction,
          minmay_the_grid_triangle_9x9_wacky_v,
          minmay_the_grid_prize_inner_circle], layout_cave_pools, zin_statuary,
          chequers_avenue, hangedman_decor_slide_cut, uniq_pikel,
          uniq_prince_ribbit1
Temple:   hellmonk_temple_beads

Skill      XL: |  1  2  3  4  5  6  7  8  9 |
---------------+----------------------------+-----
Dodging        | 2 3 4 5 6 |  6.5
Spellcasting   | 3 4 5 6 |  6.6
Conjurations   | 5 6 7 8 |  8.0
Fighting       | 2 4 5 |  5.6
Maces & Flails | 3 4 |  4.5
Stealth        | |  1.7

Action                     |  1- 3 |  4- 6 |  7- 9 || total
---------------------------+-------+-------+-------++-------
  Melee: Unarmed           |    11 |       |       ||    11
         Tailslap          |     5 |     6 |    12 ||    23
         Punch             |     1 |     3 |       ||     4
         Dagger            |    25 |       |       ||    25
         Short sword       |     5 |       |       ||     5
         Mace              |       |    38 |       ||    38
         Great mace        |       |    41 |   130 ||   171
   Cast: Magic Dart        |    65 |       |     3 ||    68
         Searing Ray       |     2 |       |     1 ||     3
   Stab: Sleeping          |       |     4 |     3 ||     7
 Armour: Skin              |     9 |    37 |    69 ||   115
  Dodge: Dodged            |    42 |    50 |   147 ||   239

Table legend: (Time is in decaauts)
 A = Elapsed time spent in this place.
 B = Non-inter-level travel time spent in this place.
 C = Inter-level travel time spent in this place.
 D = Time resting spent in this place.
 E = Time spent auto-exploring this place.
 F = Levels seen in this place.
 G = Mean time per level.
                   A        B        C        D        E       F      G
               +--------+--------+--------+--------+--------+-----+--------+
         Total |   6652 |   6418 |    234 |     60 |   5389 |   8 |  831.5 |
       Dungeon |   6524 |   6290 |    234 |     60 |   5281 |   7 |  932.0 |
        Temple |    127 |    127 |      0 |      0 |    108 |   1 |  127.0 |
               +--------+--------+--------+--------+--------+-----+--------+

Top non-repeatable levels by time:
     D:2: 1268 daAuts
     D:4: 1244 daAuts
     D:6: 1184 daAuts
     D:1: 1023 daAuts
     D:5: 809 daAuts
     D:7: 509 daAuts
     D:3: 484 daAuts
  Temple: 127 daAuts
